 Dungeon Crawl Stone Soup version 0.31.0-11-ge490571c62 (webtiles) character file.

Game seed: 10474983974902142754

331 qw the Ducker (level 6, 0/30 HPs)
             Began as a Spriggan Hunter on Feb 3, 2024.
             Slain by a cerulean imp
             ... wielding a +3 spear
             ... summoned by Natasha
              (5 damage)
             ... on level 4 of the Dungeon.
             The game lasted 00:00:58 (2807 turns).

qw the Ducker (Spriggan Hunter)                     Turns: 2807, Time: 00:00:58

Health: 0/30       AC:  2    Str:  7    XL:     6   Next: 26%
Magic:  7/7        EV: 21    Int: 11    God:
Gold:   221        SH:  5    Dex: 20    Spells: 5/5 levels left

rFire   . . .        a - +0 shortbow
rCold   . . .        (shield currently unavailable)
rNeg    . . .        c - +0 robe
rPois   .            (helmet restricted)
rElec   .            (no cloak)
rCorr   .            (gloves unavailable)
SInv    +            (boots unavailable)
Will    +....        f - amulet of reflection
Stlth   ++           (no ring)
HPRegen 0.25/turn    (no ring)
MPRegen 0.10/turn

%: reflection
@: about to teleport, very quick
A: very small, no large weapons, unfitting armour, see invisible, speed 3
a: no special abilities


You were on level 4 of the Dungeon.
You visited 1 branch of the dungeon, and saw 4 of its levels.

You collected 221 gold pieces.


Innate Abilities, Weirdness & Mutations

You are very small and have problems with some larger weapons.
You are too small for most types of armour.
You have supernaturally acute eyesight. (SInv)
You cover ground extremely quickly. (Speed+++)


   Skills:
 - Level 2.1 Fighting
 + Level 6.0 Ranged Weapons
 - Level 6.1 Dodging
 - Level 1.5 Stealth


You had 5 spell levels left.
You didn't know any spells.
Your spell library was empty.

Inventory:

Hand Weapons
 a - a +0 shortbow (weapon)
Armour
 c - a +0 robe (worn)
Jewellery
 f - an amulet of reflection (around neck)
 m - a ring of magical power
 p - a ring of ice
Wands
 t - a wand of flame (28)
Scrolls
 e - a scroll of enchant weapon {unknown}
 n - 2 scrolls of noise {unknown}
 r - a scroll of amnesia {unknown}
Potions
 b - 4 potions of curing
 d - a potion of mutation
 g - a potion of might
 h - a potion of enlightenment
 i - 3 potions of haste {unknown}
 k - a potion of lignification {unknown}
 l - a potion of magic {unknown}
 o - a potion of heal wounds {unknown}
 q - a potion of cancellation {unknown}
 s - a potion of degeneration {unknown}

Dungeon Overview and Level Annotations

Branches:
Dungeon (4/15)
 Temple: D:4-7

Altars:
The Shining One

Shops:
D:3 (

Annotations:
D:2 1 runed translucent door, Crazy Yiuf
D:4 Natasha


Message History

Natasha casts a spell.
Enter note:
Enter note:
Enter note:
Enter note:
2799 ||| RETREEEEATING.
You shoot an arrow. The arrow hits Natasha.
Natasha is severely wounded.
The cerulean imp hits you from afar with a +3 spear.
The cerulean imp barely misses you.
Enter note:
Enter note:
2801 ||| RETREEEEATING.
You shoot an arrow. The arrow barely misses Natasha.
The arrow hits the cerulean imp.
The cerulean imp is moderately wounded.
Natasha completely misses you. The cerulean imp completely misses you.
You shoot an arrow. The arrow misses Natasha.
The arrow hits the cerulean imp.
The cerulean imp is severely wounded.
You block Natasha's attack. The cerulean imp misses you.
You shoot an arrow. The arrow hits Natasha.
Natasha is almost dead.
Natasha claws you! You block the cerulean imp's attack.
Natasha casts a spell at you. The magic dart hits you!
You shoot an arrow. The arrow closely misses Natasha.
The arrow hits the cerulean imp but does no damage.
The cerulean imp is severely wounded.
The cerulean imp misses you. Natasha claws you.
2806 ||| READING scroll of teleportation.
As you read the scroll of teleportation, it crumbles to dust.
You feel strangely unstable. The cerulean imp barely misses you.
Natasha claws you.
You shoot an arrow. The arrow completely misses Natasha.
The arrow misses the cerulean imp.
The arrow hits the cerulean imp but does no damage.
The cerulean imp misses you.
Natasha casts a spell.
The cerulean imp hits you from afar with a +3 spear.
You die...

#.##.##.## #.##.##.##
#############.##......
#...........).#..##)##
#.#############.###.#
#.# #. #)## ##.## #.).
#...####### ####
#.....@h55#
#...#####5# ##### .#
.# .# .# .. .# ### ..
...


You could see Natasha and 3 cerulean imps.

Vanquished Creatures
  An ogre (D:3)
  An orc priest (D:4)
  An iguana (D:3)
  Ijyb (D:4)
  2 orc wizards
  Robin (D:2)
  3 adders
  2 dart slugs
  9 orcs
  4 bats
  8 endoplasms
  A giant cockroach (D:1)
  12 hobgoblins
  4 kobolds
  2 quokkas (D:1)
  5 ball pythons
  3 frilled lizards
  8 goblins
  2 rats
70 creatures vanquished.

Notes
Turn   | Place    | Note
-------+----------+-------------------------------------------
     0 | D:1      | qw the Spriggan Hunter began the quest for the Orb.
     0 | D:1      | Reached XP level 1. HP: 10/10 MP: 2/2
     0 | D:1      | 0 ||| qw: Version: 0.3-a-155-g5e7d8dd
     0 | D:1      | 0 ||| qw: Game counter: 3104
     0 | D:1      | 0 ||| qw: Melee chars always use a shield: true
     0 | D:1      | 0 ||| qw: God list: Okawaru
     0 | D:1      | 0 ||| qw: Allow faded altars: false
     0 | D:1      | 0 ||| qw: Do Orc after clearing Dungeon:15 true
     0 | D:1      | 0 ||| qw: Do second Lair branch before Depths: true
     0 | D:1      | 0 ||| qw: Lair rune preference: random
     0 | D:1      | 0 ||| qw: Goals: Normal
     0 | D:1      | 0 ||| PLANNING D:1-11
    62 | D:1      | Reached skill level 3 in Dodging
   159 | D:1      | Reached XP level 2. HP: 10/14 MP: 3/3
   167 | D:1      | HP: 3/14 [dart slug/slug dart (5)]
   673 | D:1      | Reached XP level 3. HP: 18/18 MP: 4/4
   674 | D:1      | 674 ||| READING scroll labelled OGALAO BOATU.
   775 | D:1      | 775 ||| READING scroll labelled IHEPSU OSSEODO.
   776 | D:1      | 776 ||| READING scroll labelled RATEC NUISAQO.
   776 | D:1      | 776 ||| IDENTIFYING bubbling clear potion
   777 | D:1      | 777 ||| DROPPING scroll of butterflies.
   834 | D:2      | Found a glowing golden altar of the Shining One.
  1124 | D:2      | Found a runed translucent door.
  1125 | D:2      | Noticed Crazy Yiuf
  1223 | D:2      | Noticed Robin
  1230 | D:2      | HP: 3/18 [Robin/+0 spear (5)]
  1234 | D:2      | HP: 1/18 [goblin/+0 dagger[Robin] (2)]
  1241 | D:2      | Killed Robin
  1406 | D:2      | Reached XP level 4. HP: 22/22 MP: 5/5
  1644 | D:2      | 1644 ||| UPGRADING to amulet of reflection.
  1649 | D:2      | 1649 ||| READING scroll labelled VOORPH OBBAUJOA.
  1691 | D:2      | 1691 ||| DRINKING 2 fuming clear potions.
  1914 | D:3      | Found Osmin's Antique Weapon Shoppe.
  1923 | D:3      | 1923 ||| SHOPLISTING +6 arbalest "Damnation" {damnation}
                  | (2400 gold, have 169).
  1923 | D:3      | 1923 ||| SHOPLISTING glowing orcbow (195 gold, have 169).
  1993 | D:3      | Reached XP level 5. HP: 15/26 MP: 6/6
  2130 | D:3      | Noticed an ogre
  2134 | D:3      | Killed an ogre
  2150 | D:3      | 2150 ||| READING 2 scrolls of identify.
  2150 | D:3      | 2150 ||| IDENTIFYING viscous purple potion
  2151 | D:3      | 2151 ||| READING scroll of identify.
  2151 | D:3      | 2151 ||| IDENTIFYING murky clear potion
  2152 | D:3      | 2152 ||| READING scroll labelled ULIEDD DUTIAH.
  2153 | D:3      | 2153 ||| READING scroll labelled TINIBI UNKOOPN.
  2154 | D:3      | 2154 ||| READING scroll labelled JUEXKA OGEBAU.
  2455 | D:4      | Reached skill level 6 in Ranged Weapons
  2682 | D:4      | Reached XP level 6. HP: 21/30 MP: 7/7
  2684 | D:4      | 2684 ||| DRINKING 4 potions of curing.
  2684 | D:4      | 2684 ||| (to cure confusion)
  2717 | D:4      | Noticed Ijyb
  2722 | D:4      | Killed Ijyb
  2723 | D:4      | Reached skill level 6 in Dodging
  2795 | D:4      | Noticed Natasha
  2799 | D:4      | 2799 ||| RETREEEEATING.
  2801 | D:4      | 2801 ||| RETREEEEATING.
  2805 | D:4      | HP: 6/30 [Natasha (2)]
  2806 | D:4      | 2806 ||| READING scroll of teleportation.
  2807 | D:4      | Slain by a cerulean imp

Levels and vault maps discovered:
D:1:      ncdulo_halloftheorcs, layout_loops_ring,
          hangedman_decor_clover_reticule
D:2:      layout_loops_corners, basic_altar, uniq_robin, uniq_crazy_yiuf_cottage
D:3:      layout_basic, serial_shops, shop, grunt_ministairs_14
D:4:      layout_loops_ring, uniq_natasha, uniq_ijyb

Skill      XL: |  1  2  3  4  5  6 |
---------------+-------------------+-----
Dodging        | 3 4 5 6 |  6.1
Ranged Weapons | 5 6 |  6.0
Fighting       | 2 |  2.1
Stealth        | |  1.5

Action                     |  1- 3 |  4- 6 || total
---------------------------+-------+-------++-------
   Fire: Shortbow          |    99 |   112 ||   211
    Use: Scroll            |     3 |     7 ||    10
         Potion            |       |     2 ||     2
 Armour: Robe              |    20 |    20 ||    40
  Dodge: Dodged            |    42 |    32 ||    74
  Block: Other             |       |    12 ||    12
         Reflection        |       |     4 ||     4

Table legend:
 A = Non-vault XP
 B = Vault XP
 C = Vault XP percentage of total XP
 D = Non-vault monster count
 E = Vault monster count
 F = Vault count percentage of total count
                 A         B        C        D         E       F
            +---------+---------+-------+---------+---------+-------
      Total |     399 |      74 |  15.6 |      56 |      14 |  20.0
            +---------+---------+-------+---------+---------+-------
        D:1 |      42 |       0 |   0.0 |      23 |       0 |   0.0
        D:2 |      22 |      35 |  61.4 |       7 |      11 |  61.1
        D:3 |     209 |       3 |   1.4 |      12 |       2 |  14.3
        D:4 |     126 |      36 |  22.2 |      14 |       1 |   6.7
            +---------+---------+-------+---------+---------+-------
